Map: Ruins of Seras

Players

Tang - Winner!

  • Race: Zerg Zerg
  • League: Master

DARKKKIS

  • Race: Protoss Protoss
  • League: Master

VOD

Have the link to the VOD?

Description

Time

  • Played on: Dec. 30, 2015, 1:10 p.m.
  • Length: 12:45
Show
View Real Time Build Order
Export as new Build Order

Tang Zerg - Winner!

Build Orders: Pool First 

Get SALT Encoding   

  12  0:01  Drone  
  13  0:12  Overlord  
  13  0:18  Drone  
  14  0:31  Drone x2  
  14  0:34  Drone  
  17  0:45  Spawning Pool  
  17  0:49  Drone  
  17  0:51  Extractor  
  17  0:56  Drone  
  17  1:16  Hatchery  
  16  1:28  Overlord  
  16  1:35  Queen  
  18  1:40  Zergling x2  
  18  1:43  Zergling x2  
  20  1:52  Metabolic Boost  
  20  1:55  Zergling x2  
  21  2:03  Zergling x2  
  21  2:04  Zergling x2  
  23  2:11  Queen  
  25  2:16  Drone  
  26  2:24  Drone  
  26  2:29  Drone  
  28  2:34  Drone  
  29  2:42  Drone  
  30  2:45  Drone x2  
  30  2:46  Drone  
  32  3:03  Drone  
  32  3:04  Drone x3  
  34  3:20  Drone  
  34  3:24  Roach Warren  
  34  3:25  Overlord  
  34  3:26  Overlord x2  
  33  4:04  Roach x10  
  33  4:07  Overlord  
  33  4:09  Overlord  
  53  4:11  Zergling x2  
  54  4:26  Zergling x16  
  62  4:34  Drone  
  62  4:36  Drone  
  64  4:43  Hatchery  
  63  4:51  Drone x3  
  66  4:55  Drone x3  
  66  4:56  Drone x2  
  66  4:58  Drone x2  
  73  5:01  Extractor  
  72  5:15  Drone x2  
  72  5:16  Drone  
  75  5:26  Drone  
  75  5:29  Overlord x4, Drone x2  
  75  5:30  Overlord  
  69  5:38  Drone  
  70  5:45  Evolution Chamber, Lair, Extractor  
  70  5:49  Roach x2  
  72  5:53  Roach  
  72  5:58  Roach  
  72  6:01  Roach  
  72  6:02  Roach  
  78  6:06  Roach  
  78  6:10  Queen  
  82  6:13  Zergling x10  
  82  6:14  Zergling x4  
  89  6:28  Roach x2  
  89  6:29  Roach  
  89  6:30  Zerg Missile Weapons Level 1  
  89  6:32  Drone x2  
  97  6:46  Glial Reconstitution  
  97  6:48  Zergling x12, Roach x2  
  97  6:49  Roach  
  109  6:55  Zergling x2, Roach  
  109  6:56  Roach  
  114  7:11  Hatchery  
  114  7:12  Zergling x4, Roach x2  
  114  7:15  Roach  
  120  7:17  Zergling x2  
  120  7:18  Overlord x2  
  119  7:39  Overlord x2  
  119  7:40  Overlord  
  116  7:50  Roach x6  
  116  7:51  Roach x4  
  115  8:14  Hydralisk Den, Drone  
  115  8:15  Drone x7  
  115  8:16  Extractor  
  121  8:28  Spire  
  121  8:33  Extractor x2  
  119  8:35  Drone x5  
  119  8:36  Drone  
  125  8:46  Extractor x2  
  103  8:57  Drone  
  103  8:58  Drone x14  
  118  9:09  Overlord x2  
  118  9:10  Zerg Ground Armor Level 1  
  116  9:22  Queen  
  115  9:39  Mutalisk x4  
  115  9:40  Mutalisk x5  
  115  9:42  Mutalisk  
  115  9:45  Mutalisk  
  135  9:59  Spire  
  134  10:03  Drone  
  134  10:04  Drone x7  
  142  10:18  Zergling x10  
  142  10:19  Zergling x10  
  144  10:51  Zergling x2  
  144  10:52  Zergling x30  
  116  11:24  Mutalisk x12  
  131  11:34  Drone x4  
  131  11:35  Extractor, Drone  
  135  11:53  Mutalisk x7  
  142  12:10  Mutalisk x3  
  142  12:11  Zergling x12, Mutalisk x3  
  158  12:16  Mutalisk  
Show
View Real Time Build Order
Export as new Build Order

DARKKKIS Protoss 

Build Orders: Nexus First 

Get SALT Encoding   

  12  0:01  Probe (Chrono Boost)  
  13  0:11  Probe (Chrono Boost)  
  14  0:19  Pylon  
  14  0:22  Probe (Chrono Boost)  
  15  0:37  Probe (Chrono Boost)  
  16  0:48  Probe (Chrono Boost)  
  17  0:59  Nexus  
  17  1:05  Probe (Chrono Boost)  
  18  1:14  Gateway  
  18  1:17  Probe (Chrono Boost)  
  19  1:22  Assimilator  
  19  1:28  Probe (Chrono Boost)  
  20  1:37  Gateway  
  20  1:40  Probe (Chrono Boost)  
  21  1:50  Probe (Chrono Boost)  
  23  2:01  Probe (Chrono Boost)  
  23  2:05  Cybernetics Core  
  22  2:17  Pylon, Probe (Chrono Boost)  
  23  2:24  Probe (Chrono Boost)  
  23  2:29  Probe (Chrono Boost)  
  25  2:36  Assimilator, Probe (Chrono Boost)  
  26  2:44  Adept (Chrono Boost)  
  28  2:47  Mothership Core (Chrono Boost), Adept (Chrono Boost)  
  29  3:06  Pylon  
  29  3:13  Probe  
  30  3:21  Pylon  
  30  3:24  Pylon  
  30  3:30  Probe  
  30  3:33  Probe  
  31  3:40  Adept (Chrono Boost)  
  36  3:42  Probe  
  36  3:43  Adept (Chrono Boost), Probe  
  38  3:54  Probe x2  
  39  3:55  Warp Gate (Chrono Boost)  
  39  4:02  Gateway  
  40  4:04  Gateway  
  40  4:05  Probe  
  40  4:07  Probe  
  42  4:16  Probe  
  43  4:27  Probe  
  43  4:29  Probe  
  43  4:31  Nexus  
  45  4:38  Robotics Facility  
  45  4:39  Probe  
  44  4:53  Probe  
  44  4:55  Stalker  
  44  4:56  Probe, Stalker x2  
  52  5:01  Pylon  
  52  5:06  Probe  
  53  5:18  Twilight Council  
  53  5:21  Stalker  
  55  5:32  Immortal  
  59  5:42  Nexus  
  59  6:00  Pylon  
  59  6:02  Pylon  
  59  6:22  Charge (Chrono Boost)  
  59  6:23  Nexus  
  59  6:24  Warp Prism  
  61  6:27  Pylon  
  61  6:33  Probe  
  61  6:38  Zealot x2  
  66  6:45  Probe  
  67  6:48  Assimilator  
  67  6:52  Probe  
  68  6:58  Probe  
  69  7:03  Probe  
  68  7:10  Probe  
  68  7:11  Zealot x3  
  68  7:12  Zealot  
  77  7:17  Pylon  
  77  7:23  Immortal  
  81  7:35  Zealot x3  
  85  7:55  Zealot  
  85  7:56  Zealot x3  
  84  8:11  Immortal, Probe  
  85  8:22  Pylon  
  85  8:23  Pylon  
  85  8:24  Robotics Bay  
  85  8:26  Pylon  
  85  8:30  Assimilator  
  85  8:45  Zealot x2  
  85  8:46  Zealot x2  
  85  8:55  Immortal  
  78  9:03  Gateway  
  78  9:04  Gateway  
  78  9:07  Zealot x3  
  78  9:08  Zealot  
  86  9:31  Nexus  
  86  9:34  Disruptor (Chrono Boost)  
  89  9:39  Zealot x3  
  89  9:40  Zealot  
  89  9:44  Templar Archives, Pylon  
  97  9:46  Pylon x2  
  89  9:58  Gravitic Drive  
  89  10:06  Zealot x4  
  97  10:16  Observer (Chrono Boost)  
  98  10:22  High Templar x2  
  98  10:26  Archon  
  102  10:30  Probe  
  85  10:44  Zealot x4  
  85  10:55  High Templar  
  85  10:56  High Templar  
  70  11:08  High Templar  
  70  11:09  High Templar x3  
  46  11:27  Archon x2  
  42  11:43  Archon  
  31  12:05  Zealot  
Tags
 
Add a new tag
Caveats
  • Supply blocks, unpowered buildings, or Contaminate may cause inaccurate times.
  • Supply counts are checked every 10 seconds.